 Dungeon Crawl Stone Soup version 0.29-a0-322-g68df515428 (webtiles) character file.

Game seed: 9528468647991703261

194 Zadkiel the Covered (level 5, -2/49 HPs)
             Began as a Deep Dwarf Fighter on Apr 9, 2022.
             Slain by an ogre
             ... wielding a +0 giant club
              (6 damage)
             ... on level 3 of the Dungeon.
             The game lasted 00:09:42 (1948 turns).

Zadkiel the Covered (Deep Dwarf Fighter)            Turns: 1948, Time: 00:09:43

Health: -2/49      AC:  9    Str: 21    XL:     5   Next: 44%
Magic:  5/5        EV:  9    Int:  9    God:
Gold:   143        SH:  5    Dex: 12    Spells: 4/4 levels left

rFire   + . .      SeeInvis .   a - +1 war axe
rCold   . . .      Faith    .   c - +0 buckler
rNeg    . . .      Spirit   .   o - +1 scale mail {rF+}
rPois   +          Reflect  .   (no helmet)
rElec   .          Harm     .   g - +0 cloak
rCorr   .          Rampage  .   (no gloves)
Will    .....                   (no boots)
Stlth   ..........              (no amulet)
HPRegen 0.00/turn               i - ring of poison resistance
MPRegen 0.09/turn               (no ring)

@: no status effects
A: damage resistance, heal wounds, sense surroundings 1, no regeneration
a: Heal Wounds


You were on level 3 of the Dungeon.
You visited 1 branch of the dungeon, and saw 3 of its levels.

You collected 143 gold pieces.

Inventory:

Hand Weapons
 a - a +1 war axe (weapon)
 h - a +0 hunting sling
 q - a +1 hand axe of electrocution
Missiles
 j - 119 stones
 l - 6 atropa-tipped darts
 n - 8 poisoned darts
Armour
 c - a +0 buckler (worn)
 g - a +0 cloak (worn)
 o - a +1 scale mail of fire resistance (worn)
Jewellery
 b - a ring of magical power
 i - a ring of poison resistance (left hand)
 s - a ring of flight
Scrolls
 t - 2 scrolls of fog
Potions
 d - a potion of might
 f - a potion of lignification
 k - a potion of curing
 m - a potion of cancellation
 r - a potion of invisibility {unknown}


   Skills:
 + Level 3.2 Fighting
 + Level 4.3 Axes
 + Level 4.4 Armour
 + Level 1.1 Dodging
 + Level 3.9 Shields
 + Level 0.1 Evocations


You had 4 spell levels left.
You didn't know any spells.
Your spell library contained the following spells:

 Spells                   Type           Power      Damage    Failure   Level
 Gell's Gravitas          Tloc           0%         N/A       99%         3
 Lesser Beckoning         Tloc           0%         N/A       99%         3
 Ozocubu's Armour         Ice            0%         N/A       99%         3
 Teleport Other           Tloc           0%         N/A       99%         3
 Ozocubu's Refrigeration  Ice            0%         4d5       100%        7


Dungeon Overview and Level Annotations

Branches:
Dungeon (3/15)

Altars:
The Shining One


Innate Abilities, Weirdness & Mutations

You are resistant to damage.
You can heal yourself by infusing magical energy.
You passively map a small area around you.
You do not regenerate.


Message History

The bat is moderately wounded.
The bat barely misses you.
You slash the bat!
You kill the bat!
A ball python is nearby!
The ball python hisses angrily.
You block the ball python's attack. The ball python barely misses you.
The ball python bites you. The ball python grabs you.
The ball python constricts you.
You barely miss the ball python. You block the ball python's attack.
The ball python constricts you.
You barely miss the ball python. You block the ball python's attack.
The ball python constricts you.
The ball python bites you but does no damage.
The ball python constricts you.
You hit the ball python.
You kill the ball python!
You see here a ball python corpse.
You see here a rat corpse.
Found a scroll of vulnerability.
You open the door.
Found an escape hatch in the ceiling.
There is an open door here.
Found a stone staircase leading up.
A hobgoblin comes into view.
The hobgoblin shouts!
You hear a shout!
An ogre comes into view. It is wielding a +0 giant club.
Found a robe.
The ogre shouts!
You barely miss the hobgoblin. You block the hobgoblin's attack.
The ogre hits you with a +0 giant club! The hobgoblin barely misses you.
Aiming: Mindburst
Press: ? - help, Shift-Dir - straight line, f - ogre
Aim: an ogre, wielding a +0 giant club (chance to affect: 64%)
The ogre struggles to resist.
The now-empty wand crumbles to dust.
The ogre hits you with a +0 giant club!!
Ouch! That really hurt!
* * * LOW HITPOINT WARNING * * *
The ogre attacks as you move away! The ogre hits you with a +0 giant club!
You die...

.....#. , ..# #.[
####.#.####.# #.#
#.#.#..#.# #.# ,
#.#.#..#.# #.# ,
#.#.#..#.# #.# ,*
#.#.#.<#.# #.# ,*
#.#.##.#.##### #.#*,
#.#....#.....###.##.##
#.#..........@Og.....#
####..........#.###.#####
....##.######.#.# .... *
...<##..........# #.##.#
....##..#####.### #.# #
....#...# #.# #.#* *
....'...# #.# ,#.#
....#...# #.# .#
#####...##### *


You could see an ogre and a hobgoblin.

Vanquished Creatures
  An ogre (D:3)
  4 adders
  2 worms (D:2)
  A dart slug (D:1)
  An orc (D:3)
  9 bats
  4 endoplasms
  2 giant cockroaches
  7 goblins
  5 hobgoblins
  10 jackals
  3 quokkas (D:2)
  8 ball pythons
  A frilled lizard (D:1)
  4 kobolds
  3 rats
65 creatures vanquished.

Notes
Turn   | Place    | Note
-------+----------+-------------------------------------------
     0 | D:1      | Zadkiel the Deep Dwarf Fighter began the quest for the Orb.
     0 | D:1      | Reached XP level 1. HP: 20/20 MP: 1/1
   235 | D:1      | Reached XP level 2. HP: 14/27 MP: 2/2
   706 | D:2      | Found a faded altar of an unknown god.
   768 | D:2      | Reached XP level 3. HP: 30/33 MP: 3/3
   975 | D:2      | Reached XP level 4. HP: 28/42 MP: 4/4
  1150 | D:2      | Found a glowing golden altar of the Shining One.
  1421 | D:3      | Identified a scroll of acquirement
  1421 | D:3      | Acquired a +1 scale mail of fire resistance
  1789 | D:3      | Noticed an ogre
  1792 | D:3      | Killed an ogre
  1793 | D:3      | Reached skill level 1 in Dodging
  1793 | D:3      | Reached XP level 5. HP: 45/49 MP: 5/5
  1942 | D:3      | Noticed an ogre
  1948 | D:3      | Slain by an ogre

Illustrated notes

Levels and vault maps discovered:
D:1:      heliophobic_arrival_dark_side_of_the_moon, layout_loops_ring
D:2:      layout_basic, basic_altar, nicolae_ecumenical_oubliette
D:3:      layout_basic

Skill      XL: |  1  2  3  4 |
---------------+-------------+-----
Fighting       | 3 |  3.2
Armour         | 4 |  4.4
Axes           | 3 4 |  4.3
Dodging        | 1 |  1.1
Shields        | |  3.9
Evocations     | |  0.1

Action                   |  1- 3 |  4- 6 || total
-------------------------+-------+-------++-------
Melee: War axe           |   124 |    69 ||   193
 Abil: Heal Wounds       |     1 |     1 ||     2
Evoke: Wand              |       |     3 ||     3
  Use: Scroll            |     4 |     8 ||    12
Armor: Scale mail        |    63 |    36 ||    99
Dodge: Dodged            |    54 |    41 ||    95
Block: Buckler           |    36 |    24 ||    60

Table legend: (Time is in decaauts)
 A = Elapsed time spent in this place.
 B = Non-inter-level travel time spent in this place.
 C = Inter-level travel time spent in this place.
 D = Time resting spent in this place.
 E = Time spent auto-exploring this place.
 F = Levels seen in this place.
 G = Mean time per level.
                   A        B        C        D        E       F      G
               +--------+--------+--------+--------+--------+-----+--------+
         Total |   2025 |   1941 |     84 |      0 |   1300 |   3 |  675.0 |
       Dungeon |   2025 |   1941 |     84 |      0 |   1300 |   3 |  675.0 |
               +--------+--------+--------+--------+--------+-----+--------+

Top non-repeatable levels by time:
     D:1: 748 daAuts
     D:2: 702 daAuts
     D:3: 574 daAuts
